 Dungeon Crawl Stone Soup version 0.27.1-34-g3ba077fa99 (webtiles) character file.

Game seed: 11408364090044594288

1945 lordive the Thaumaturge (level 8, -3/43 HPs)
             Began as a Deep Elf Conjurer on Jan 19, 2022.
             Was an Initiate of Vehumet.
             Killed from afar by a steam dragon (14 damage)
             ... with a ball of steam
             ... on level 7 of the Dungeon.
             The game lasted 00:12:29 (8198 turns).

lordive the Thaumaturge (Deep Elf Conjurer)         Turns: 8198, Time: 00:12:29

Health: -3/43      AC:  3    Str:  4    XL:     8   Next: 98%
Magic:  20/24      EV: 13    Int: 26    God:    Vehumet [......]
Gold:   354        SH:  0    Dex: 13    Spells: 25/28 levels left

rFire    . . .     SeeInvis .   (no weapon)
rCold    . . .     Faith    .   (no shield)
rNeg     . . .     Spirit   .   a - +0 robe
rPois    .         Reflect  .   (no helmet)
rElec    .         Harm     .   (no cloak)
rCorr    +         Rampage  .   (no gloves)
Will     .....                  c - +0 pair of boots
Stlth    +++.......             d - amulet of magic regeneration
HPRegen  0.14/turn              n - ring of resist corrosion
MPRegen  0.44/turn              (no ring)

@: no status effects
A: no striking features
a: Renounce Religion


You were on level 7 of the Dungeon.
You worshipped Vehumet.
Vehumet was noncommittal.
You visited 2 branches of the dungeon, and saw 8 of its levels.
You also visited: Ossuary.

You collected 354 gold pieces.

Inventory:

Armour
 a - a +0 robe (worn)
 c - a +0 pair of boots (worn)
 x - the +4 ring mail of the Sparrow {rN++ Will- Str+4}
   (You found it on level 7 of the Dungeon)

   Str:       It affects your strength (+4).
   rN:        It greatly protects you from negative energy.
   Will:      It decreases your willpower.
Jewellery
 d - an amulet of magic regeneration (around neck)
 m - an amulet of the acrobat
 n - a ring of resist corrosion (left hand)
 r - a ring of flight
Wands
 q - a wand of polymorph (7)
Scrolls
 e - 3 scrolls of amnesia {unknown}
 h - 2 scrolls of enchant weapon {unknown}
 k - 2 scrolls of enchant armour {unknown}
 l - 2 scrolls of identify {unknown}
 o - 2 scrolls of fear {unknown}
 p - 4 scrolls of teleportation {unknown}
 s - a scroll of magic mapping {unknown}
 t - a scroll of blinking {unknown}
 w - a scroll of torment {unknown}
 y - a scroll of brand weapon {unknown}
Potions
 b - 5 potions of heal wounds {unknown}
 f - 4 potions of curing {unknown}
 g - 3 potions of attraction {unknown}
 i - 2 potions of brilliance {unknown}
 j - 3 potions of haste {unknown}
 u - a potion of cancellation {unknown}
 z - a potion of flight {unknown}
 A - 2 potions of might {unknown}
 B - a potion of berserk rage {unknown}


   Skills:
 + Level 1.2 Fighting
 + Level 3.5 Dodging
 + Level 4.4 Stealth
 + Level 10.9 Spellcasting
 + Level 9.1 Conjurations


You had 25 spell levels left.
You knew the following spells:

 Your Spells              Type           Power      Damage    Failure   Level
a - Magic Dart            Conj           100%       1d8       1%          1
b - Searing Ray           Conj           100%       3d7       1%          2

Your spell library contained the following spells:

 Spells                   Type           Power      Damage    Failure   Level
 Static Discharge         Conj/Air       38%        N/A       1%          2
 Dazzling Flash           Conj/Hex       76%        N/A       1%          3
 Ensorcelled Hibernation  Hex/Ice        28%        N/A       6%          2
 Fulminant Prism          Conj/Hex       19%        3d11      6%          4
 Iskenderun's Mystic Bla  Conj/Tloc      38%        2d9       6%          4
 Sticky Flame             Conj/Fire      38%        2d6       6%          4
 Spider Form              Tmut/Pois      7%         N/A       13%         3
 Dispel Undead            Necr           14%        3d10      38%         4
 Shadow Creatures         Summ           N/A        N/A       100%        6


Dungeon Overview and Level Annotations

Branches:
Dungeon (7/15)             Temple (1/1) D:6         Ossuary (visited)

Altars:
Ashenzari
Cheibriados
Dithmenos
Elyvilon
Fedhas
Gozag
Hepliaklqana
Kikubaaqudgha
Makhleb
Nemelex Xobeh
Okawaru
Qazlal
Ru
Sif Muna
Trog
Uskayaw
Vehumet
Wu Jian
Xom
Yredelemnul
Zin
The Shining One


Message History

The magic dart hits the white imp.
You kill the white imp!
Vehumet accepts your kill.
Magic restored.
HP restored.
You now have 340 gold pieces (gained 15).
h - 2 scrolls labelled ZEUFEUNG POCRUDEMO
Found a stone staircase leading down.
Found 14 gold pieces and a scale mail.
There is a stone staircase leading down here.
You now have 354 gold pieces (gained 14).
You see here a +0 scale mail.
A steam dragon comes into view.
A steam dragon is nearby!
Okay, then.
The magic dart hits the steam dragon but does no damage.
The steam dragon hisses angrily.
Unknown command.
You can't see any susceptible monsters within range! (Use Z to cast anyway.)
You can't see any susceptible monsters within range! (Use Z to cast anyway.)
Casting: Magic Dart (safe; 1% risk of failure)
Confirm with . or Enter, or press ? or * to list all spells.
Aiming: Searing Ray (safe; 1% risk of failure)
Press: ? - help, Shift-Dir - straight line, f/p - steam dragon
Aim: a steam dragon (83% to hit)
The searing ray hits the steam dragon.
The steam dragon is lightly wounded. (Press . to maintain the ray.) Unknown command.
The searing ray hits the steam dragon!
The steam dragon is heavily wounded.
The steam dragon breathes steam at you. The ball of steam hits you!
You are engulfed in a cloud of scalding steam.
You finish channeling your searing ray.
You are engulfed in a cloud of scalding steam.
* * * LOW HITPOINT WARNING * * *
The steam dragon breathes steam at you. The ball of steam hits you!
You die...

# #. ###. #. ... #
#.#####.##.#
#.........
#...#§#.#.#.#.
#.#..@§.......
#...[§#.#.#...
###.#§D..#
###.##..#.#
########..>##..Z...
........###...##.#..
#######.# ..........
#.###.####.#.#.
##...##


You could see a steam dragon (catching breath).

Vanquished Creatures
  Menkaure (D:5)
  An ice beast (D:5)
  An ogre (D:5)
  A necrophage (D:5)
  2 centaurs (D:6)
  2 phantoms
  A bullfrog (D:6)
  A gnoll sergeant (D:6)
  A scorpion (D:6)
  A water moccasin zombie (D:6)
  3 centaur zombies (Ossuary)
  3 hounds
  A bullfrog zombie (D:6)
  A jelly (D:7)
  A centaur skeleton (D:6)
  2 bullfrog skeletons (D:6)
  Natasha (thrice) (D:3)
  An iguana (D:7)
  5 orc wizards
  A hound skeleton (D:4)
  7 mummies
  11 gnolls
  8 adders
  A white imp (D:7)
  A worm (D:2)
  12 dart slugs
  17 orcs
  10 bats
  5 endoplasms
  15 giant cockroaches
  4 goblins
  4 hobgoblins
  3 jackals (D:1)
  4 kobolds
  7 quokkas
  6 ball pythons
  4 frilled lizards
  A goblin zombie (Ossuary)
  A hobgoblin zombie (Ossuary)
  2 kobold zombies (Ossuary)
  An orc zombie (Ossuary)
  7 rats
164 creatures vanquished.

Notes
Turn   | Place    | Note
-------+----------+-------------------------------------------
     0 | D:1      | lordive the Deep Elf Conjurer began the quest for the Orb.
     0 | D:1      | Reached XP level 1. HP: 10/10 MP: 6/6
   198 | D:1      | Reached XP level 2. HP: 15/15 MP: 1/8
   322 | D:1      | Reached skill level 5 in Conjurations
   325 | D:1      | Learned a level 2 spell: Searing Ray
   467 | D:1      | Reached XP level 3. HP: 19/19 MP: 6/9
  1303 | D:2      | Reached XP level 4. HP: 24/24 MP: 1/11
  1549 | D:2      | Reached skill level 4 in Spellcasting
  2098 | D:2      | Found a faded altar of an unknown god.
  2598 | D:3      | Reached XP level 5. HP: 28/28 MP: 11/13
  2699 | D:3      | Found a broken altar of Ashenzari.
  3100 | D:3      | Noticed Natasha
  3105 | D:3      | Killed Natasha
  3106 | D:3      | Reached skill level 5 in Spellcasting
  3353 | D:3      | Noticed Natasha
  3357 | D:3      | Killed Natasha
  3575 | D:4      | Reached XP level 6. HP: 27/32 MP: 10/16
  3741 | D:3      | Noticed Natasha
  3745 | D:3      | Killed Natasha
  4221 | D:4      | Reached skill level 6 in Spellcasting
  4621 | D:5      | Entered Level 5 of the Dungeon
  4815 | D:5      | Reached XP level 7. HP: 32/36 MP: 15/19
  5091 | D:5      | Noticed Menkaure
  5095 | D:5      | Killed Menkaure
  5096 | D:5      | Reached skill level 7 in Spellcasting
  5709 | D:5      | Reached skill level 8 in Spellcasting
  5951 | D:6      | Reached XP level 8. HP: 42/42 MP: 17/22
  6142 | D:6      | Reached skill level 1 in Fighting
  6226 | D:6      | Found a staircase to the Ecumenical Temple.
  6244 | D:6      | Reached skill level 9 in Spellcasting
  6665 | D:6      | Reached skill level 10 in Spellcasting
  6759 | Temple   | Entered the Ecumenical Temple
  6877 | Temple   | Became a worshipper of Vehumet
  7416 | D:7      | Identified the +4 ring mail of the Sparrow {rN++ Will-
                  | Str+4}
  7730 | D:7      | Found a sand-covered staircase.
  7741 | Ossuary  | Entered an ossuary
  8198 | D:7      | Killed from afar by a steam dragon

Illustrated notes

Levels and vault maps discovered:
D:1:      psy_arrival_dodecagon, layout_basic
D:2:      layout_loops_ring, dilly_ecumenical_altar_fadedgnrine, dk_vineyard_3,
          grunt_decor_fettered, nrook_mini_backslash
D:3:      minmay_roachtagon, layout_loops_cross, mainiacjoe_overflow_alcove_2,
          minmay_misc_feat_cross, uniq_natasha
D:4:      layout_basic, kennysheep_generic_room_15
D:5:      kennysheep_slugbush, layout_basic, chequers_avenue, uniq_menkaure
D:6:      layout_basic, minmay_temple_entry_mist
D:7:      layout_loops_ring, gup_ossuary_entry_pyramid, hangedman_decor_riveting
Temple:   kilobyte_greek_temple

Skill      XL: |  1  2  3  4  5  6  7  8 |
---------------+-------------------------+-----
Conjurations   | 5 6 7 9 |  9.1
Spellcasting   | 4 5 6 8 10 | 10.9
Stealth        | 3 4 |  4.4
Dodging        | 3 |  3.5
Fighting       | 1 |  1.2

Action                   |  1- 3 |  4- 6 |  7- 9 || total
-------------------------+-------+-------+-------++-------
 Cast: Magic Dart        |    56 |   177 |    97 ||   330
       Searing Ray       |     2 |     8 |    31 ||    41
Armor: Robe              |     1 |     5 |    12 ||    18
Dodge: Dodged            |     2 |    20 |    25 ||    47
